 Dungeon Crawl Stone Soup version 0.29.0-4-gdea44cf6ec (webtiles) character file.

Game seed: 11416758613219193853

202 qw the Chopper (level 5, -4/30 HPs)
             Began as a Tengu Warper on Aug 28, 2022.
             Slain by Crazy Yiuf
             ... wielding a +3 quarterstaff of chaos
              (16 damage)
             ... on level 3 of the Dungeon.
             The game lasted 00:00:25 (3419 turns).

qw the Chopper (Tengu Warper)                       Turns: 3419, Time: 00:00:26

Health: -4/30      AC: 10    Str: 14    XL:     5   Next: 80%
Magic:  9/9        EV:  8    Int: 13    God:
Gold:   113        SH:  0    Dex: 13    Spells: 8/8 levels left

rFire   + . .      SeeInvis .   e - +1 war axe
rCold   . . .      Faith    .   (no shield)
rNeg    . . .      Spirit   .   i - +0 chain mail
rPois   +          Reflect  .   (helmet restricted)
rElec   .          Harm     .   d - +0 cloak
rCorr   .          Rampage  .   (no gloves)
Will    .....                   (boots unavailable)
Stlth   ..........              (no amulet)
HPRegen 0.10/turn               c - ring of poison resistance
MPRegen 0.11/turn               k - ring of protection from fire

@: lethally poisoned (-4 -> -7), flying quickly and evasively, quick
A: beak, talons 3, nimble flight
a: no special abilities


You were on level 3 of the Dungeon.
You visited 1 branch of the dungeon, and saw 3 of its levels.

You collected 113 gold pieces.


Innate Abilities, Weirdness & Mutations

You have a beak for a mouth.
You have claws for feet.
Your magical nature lets you fly swiftly and evasively.


   Skills:
 - Level 2.0 Fighting
 + Level 5.9 Axes
 - Level 1.0 Throwing
 - Level 2.6 Armour
 - Level 2.1 Dodging
 - Level 2.0 Spellcasting
 - Level 2.4 Translocations


You had 8 spell levels left.
You didn't know any spells.
Your spell library contained the following spells:

 Spells                   Type           Power      Damage    Failure   Level
 Blink                    Tloc           14%        N/A       98%         2
 Gell's Gravitas          Tloc           7%         N/A       100%        3
 Lesser Beckoning         Tloc           7%         N/A       100%        3
 Teleport Other           Tloc           7%         N/A       100%        3
 Manifold Assault         Tloc           7%         N/A       100%        5

Inventory:

Hand Weapons
 e - a +1 war axe (weapon)
 l - a +0 morningstar
Armour
 d - a +0 cloak (worn)
 i - a +0 chain mail (worn)
Jewellery
 c - a ring of poison resistance (left hand)
 j - a ring of ice
 k - a ring of protection from fire (right hand)
 Y - a ring of resist corrosion
Scrolls
 a - a scroll of identify
Potions
 b - a potion of invisibility {unknown}
 f - 3 potions of curing
 g - a potion of resistance {unknown}

Dungeon Overview and Level Annotations

Branches:
Dungeon (3/15)

Altars:

Shops:
D:1 [

Annotations:
D:3 Crazy Yiuf


Message History

A bat comes into view.
The bat hits you but does no damage.
You hit the bat.
You kill the bat!
You see here a bat corpse.
There is a stone staircase leading down here.
You see here a +3 mace.
You see here a +0 hand axe.
You see here a +0 club.
You see here a +0 mace.
There is a stone staircase leading up, spattered with blood here.
Things that are here:
a +0 leather armour; a +0 flail Crazy Yiuf shouts!
You see here a +0 hammer.
You see here a +0 hammer.
Could not explore, unopened runed door.
Could not explore, unopened runed door.
3413 ||| Stepping randomly (stuck).
You reach down and open the door.
Crazy Yiuf laughs, "Papa!"
You hit Crazy Yiuf but do no damage. You peck Crazy Yiuf, but do no damage.
Crazy Yiuf hits you with a +3 quarterstaff of chaos.
You hit Crazy Yiuf but do no damage. Your kick misses Crazy Yiuf.
Crazy Yiuf hits you with a +3 quarterstaff of chaos.
You barely miss Crazy Yiuf. You claw Crazy Yiuf, but do no damage.
Crazy Yiuf hits you with a +3 quarterstaff of chaos.
You are confused.
3417 ||| DRINKING 4 potions of curing.
You feel better.
3417 ||| (to cure confusion) Crazy Yiuf hits you but does no damage.
You are poisoned.
You barely miss Crazy Yiuf. Your kick misses Crazy Yiuf.
You peck Crazy Yiuf, but do no damage.
You feel sick. Crazy Yiuf barely misses you.
You barely miss Crazy Yiuf. You peck Crazy Yiuf, but do no damage.
You feel sick.
Crazy Yiuf hits you with a +3 quarterstaff of chaos!
You are electrocuted!
Ouch! That really hurt!
You die... ..# ### ##### #).)# # #)..# # .). # #g# # 77@7 # 7)77 # 77)7

# 7.77
############
77.77
...........#
7)..77
#########..#
7....7 #
#..# #....#
#
######....#


You could see Crazy Yiuf.

Vanquished Creatures
  An orc priest (D:3)
  An iguana (D:3)
  4 gnolls (D:3)
  2 adders (D:3)
  2 worms
  2 dart slugs
  4 orcs (D:3)
  9 endoplasms
  3 giant cockroaches
  4 goblins
  5 hobgoblins
  4 jackals
  7 kobolds
  2 quokkas
  8 ball pythons
  7 bats
  6 frilled lizards
  5 rats
76 creatures vanquished.

Notes
Turn   | Place    | Note
-------+----------+-------------------------------------------
     0 | D:1      | qw the Tengu Warper began the quest for the Orb.
     0 | D:1      | Reached XP level 1. HP: 12/12 MP: 4/4
     0 | D:1      | 0 ||| qw: Version: 0.1-a-89-g26bdef1
     0 | D:1      | 0 ||| qw: Game counter: 2970
     0 | D:1      | 0 ||| qw: Always use a shield: true
     0 | D:1      | 0 ||| qw: God list: Okawaru
     0 | D:1      | 0 ||| qw: Allow faded altars: false
     0 | D:1      | 0 ||| qw: Do Orc after D:15 true
     0 | D:1      | 0 ||| qw: Do second Lair branch before Depths: true
     0 | D:1      | 0 ||| qw: Lair rune preference: random
     0 | D:1      | 0 ||| qw: Plans: Normal
     0 | D:1      | 0 ||| PLANNING D:1-11
    42 | D:1      | 42 ||| Stepping ~*~*~tactically~*~*~ (stealth).
    44 | D:1      | 44 ||| Stepping ~*~*~tactically~*~*~ (stealth).
    50 | D:1      | HP: 3/12 [frozen (5)]
   338 | D:1      | Reached skill level 3 in Axes
   338 | D:1      | Reached XP level 2. HP: 17/17 MP: 6/6
   340 | D:1      | 340 ||| Stepping ~*~*~tactically~*~*~ (stealth).
   341 | D:1      | 341 ||| Stepping ~*~*~tactically~*~*~ (stealth).
   345 | D:1      | 345 ||| Stepping ~*~*~tactically~*~*~ (stealth).
   384 | D:1      | 384 ||| Stepping ~*~*~tactically~*~*~ (stealth).
   548 | D:1      | Found Cyrruc's Antique Armour Shop.
   554 | D:1      | 554 ||| SHOPLISTING chain mail (103 gold, have 12).
   554 | D:1      | 554 ||| SHOPLISTING embroidered hat (161 gold, have 12).
   554 | D:1      | 554 ||| SHOPLISTING glowing chain mail (172 gold, have 12).
   554 | D:1      | 554 ||| SHOPLISTING ring mail (92 gold, have 12).
   554 | D:1      | 554 ||| SHOPLISTING scale mail (92 gold, have 12).
   554 | D:1      | 554 ||| SHOPLISTING shiny chain mail (172 gold, have 12).
   558 | D:1      | 558 ||| Stepping ~*~*~tactically~*~*~ (stealth).
   601 | D:1      | 601 ||| Stepping ~*~*~tactically~*~*~ (stealth).
   605 | D:1      | 605 ||| Stepping ~*~*~tactically~*~*~ (stealth).
   606 | D:1      | 606 ||| Stepping ~*~*~tactically~*~*~ (stealth).
   607 | D:1      | 607 ||| Stepping ~*~*~tactically~*~*~ (stealth).
   608 | D:1      | 608 ||| Stepping ~*~*~tactically~*~*~ (stealth).
   773 | D:1      | 773 ||| Stepping ~*~*~tactically~*~*~ (stealth).
   777 | D:1      | 777 ||| Stepping ~*~*~tactically~*~*~ (stealth).
   789 | D:1      | Reached XP level 3. HP: 15/21 MP: 7/7
   992 | D:1      | Reached skill level 4 in Axes
  1016 | D:1      | 1016 ||| Stepping ~*~*~tactically~*~*~ (stealth).
  1018 | D:1      | 1018 ||| Stepping ~*~*~tactically~*~*~ (stealth).
  1112 | D:1      | 1112 ||| UPGRADING to +0 cloak.
  1117 | D:1      | 1117 ||| UPGRADING to +0 chain mail.
  1127 | D:1      | 1127 ||| DROPPING +0 leather armour.
  1128 | D:1      | 1128 ||| UPGRADING to ring of protection from fire.
  1129 | D:1      | 1129 ||| READING 2 scrolls labelled TESTRUOZISU.
  1130 | D:1      | 1130 ||| DRINKING 3 black potions.
  1131 | D:1      | 1131 ||| DROPPING scroll of blinking.
  1186 | D:2      | 1186 ||| STAIRDANCE
  1214 | D:2      | 1214 ||| Stepping ~*~*~tactically~*~*~ (stealth).
  1288 | D:2      | 1288 ||| DROPPING +0 club.
  1303 | D:2      | 1303 ||| Stepping ~*~*~tactically~*~*~ (stealth).
  1361 | D:2      | Identified the +5 short sword of the Endless March {freeze,
                  | rN+ Str+3 Dex+2}
  1500 | D:2      | 1500 ||| Stepping ~*~*~tactically~*~*~ (stealth).
  1507 | D:2      | 1507 ||| Stepping ~*~*~tactically~*~*~ (stealth).
  1528 | D:2      | Reached XP level 4. HP: 26/26 MP: 8/8
  1564 | D:2      | 1564 ||| DROPPING +0 mace.
  1676 | D:2      | 1676 ||| SWAPPING to +0 war axe.
  1677 | D:2      | 1677 ||| DROPPING +0 hand axe.
  1756 | D:2      | 1756 ||| UPGRADING to ring of resist corrosion.
  1757 | D:2      | 1757 ||| READING scroll labelled DYRPHU REIP.
  1758 | D:2      | 1758 ||| READING scroll labelled ABIOFIM PIFFUW.
  1783 | D:3      | Reached skill level 5 in Axes
  1901 | D:3      | 1901 ||| Stepping ~*~*~tactically~*~*~ (hiding).
  2045 | D:3      | 2045 ||| DROPPING +3 mace.
  2099 | D:3      | Found a runed translucent door.
  2100 | D:3      | Noticed Crazy Yiuf
  2132 | D:3      | 2132 ||| Stepping ~*~*~tactically~*~*~ (hiding).
  2135 | D:3      | 2135 ||| Stepping ~*~*~tactically~*~*~ (hiding).
  2262 | D:3      | 2262 ||| Stepping ~*~*~tactically~*~*~ (stealth).
  2290 | D:3      | 2290 ||| FLEEEEING.
  2291 | D:3      | 2291 ||| FLEEEEING.
  2291 | D:3      | HP: 4/26 [orc priest/divine providence (10)]
  2292 | D:3      | 2292 ||| FLEEEEING.
  2293 | D:3      | 2293 ||| FLEEEEING.
  2294 | D:3      | 2294 ||| FLEEEEING.
  2295 | D:3      | 2295 ||| FLEEEEING.
  2300 | D:3      | 2300 ||| FLEEEEING.
  2301 | D:3      | 2301 ||| FLEEEEING.
  2302 | D:3      | 2302 ||| FLEEEEING.
  2303 | D:3      | 2303 ||| FLEEEEING.
  2304 | D:3      | 2304 ||| FLEEEEING.
  2305 | D:3      | 2305 ||| FLEEEEING.
  2306 | D:3      | 2306 ||| FLEEEEING.
  2318 | D:3      | 2318 ||| FLEEEEING.
  2319 | D:3      | 2319 ||| FLEEEEING.
  2320 | D:3      | 2320 ||| STAIRDANCE
  2561 | D:2      | 2561 ||| UPGRADING to ring of poison resistance.
  2563 | D:2      | 2563 ||| UPGRADING to ring of protection from fire.
  2568 | D:3      | 2568 ||| STAIRDANCE
  2666 | D:3      | 2666 ||| DROPPING +0 flail.
  2682 | D:3      | 2682 ||| Stepping ~*~*~tactically~*~*~ (hiding).
  2688 | D:3      | Gained mutation: Your magical nature lets you fly swiftly
                  | and evasively. [Tengu growth]
  2688 | D:3      | Reached XP level 5. HP: 23/30 MP: 9/9
  2713 | D:3      | 2713 ||| FLEEEEING.
  2714 | D:3      | 2714 ||| FLEEEEING.
  2764 | D:3      | 2764 ||| Stepping ~*~*~tactically~*~*~ (stealth).
  2767 | D:3      | 2767 ||| Stepping ~*~*~tactically~*~*~ (stealth).
  2775 | D:3      | 2775 ||| Stepping ~*~*~tactically~*~*~ (stealth).
  2993 | D:3      | 2993 ||| Stepping ~*~*~tactically~*~*~ (hiding).
  2994 | D:3      | 2994 ||| Stepping ~*~*~tactically~*~*~ (hiding).
  2995 | D:3      | 2995 ||| Stepping ~*~*~tactically~*~*~ (hiding).
  3009 | D:3      | 3009 ||| FLEEEEING.
  3010 | D:3      | 3010 ||| FLEEEEING.
  3023 | D:3      | 3023 ||| FLEEEEING.
  3024 | D:3      | 3024 ||| FLEEEEING.
  3025 | D:3      | 3025 ||| FLEEEEING.
  3026 | D:3      | 3026 ||| FLEEEEING.
  3028 | D:3      | 3028 ||| FLEEEEING.
  3029 | D:3      | 3029 ||| FLEEEEING.
  3030 | D:3      | 3030 ||| FLEEEEING.
  3031 | D:3      | 3031 ||| FLEEEEING.
  3032 | D:3      | 3032 ||| FLEEEEING.
  3043 | D:3      | 3043 ||| FLEEEEING.
  3045 | D:3      | 3045 ||| FLEEEEING.
  3046 | D:3      | 3046 ||| FLEEEEING.
  3047 | D:3      | 3047 ||| FLEEEEING.
  3049 | D:3      | 3049 ||| FLEEEEING.
  3050 | D:3      | 3050 ||| FLEEEEING.
  3051 | D:3      | 3051 ||| FLEEEEING.
  3054 | D:3      | 3054 ||| FLEEEEING.
  3055 | D:3      | 3055 ||| FLEEEEING.
  3056 | D:3      | 3056 ||| FLEEEEING.
  3057 | D:3      | 3057 ||| FLEEEEING.
  3058 | D:3      | 3058 ||| FLEEEEING.
  3063 | D:3      | 3063 ||| STAIRDANCE
  3109 | D:3      | 3109 ||| STAIRDANCE
  3413 | D:3      | 3413 ||| Stepping randomly (stuck).
  3417 | D:3      | 3417 ||| DRINKING 4 potions of curing.
  3417 | D:3      | 3417 ||| (to cure confusion)
  3419 | D:3      | Slain by Crazy Yiuf

Levels and vault maps discovered:
D:1:      evilmike_arrival_crescent, layout_basic, serial_shops, shop_fountains,
          minmay_tall_x
D:2:      layout_rooms
D:3:      layout_loops_cross, uniq_crazy_yiuf_cottage

Skill      XL: |  1  2  3  4 |
---------------+-------------+-----
Axes           | 3 4 5 |  5.9
Armour         | 2 |  2.6
Fighting       | |  2.0
Throwing       | |  1.0
Dodging        | |  2.1
Spellcasting   | |  2.0
Translocations | |  2.4

Action                   |  1- 3 |  4- 6 || total
-------------------------+-------+-------++-------
Melee: Hand axe          |   100 |    10 ||   110
       Kick              |    20 |    21 ||    41
       Peck              |    10 |    13 ||    23
       Punch             |     1 |       ||     1
       War axe           |       |    63 ||    63
Throw: Boomerang         |     7 |       ||     7
  Use: Scroll            |     1 |     2 ||     3
       Potion            |     1 |     1 ||     2
Armor: Leather armour    |     6 |       ||     6
       Chain mail        |    34 |    34 ||    68
Dodge: Dodged            |    29 |    24 ||    53

Table legend:
 A = Non-vault XP
 B = Vault XP
 C = Vault XP percentage of total XP
 D = Non-vault monster count
 E = Vault monster count
 F = Vault count percentage of total count
                 A         B        C        D         E       F
            +---------+---------+-------+---------+---------+-------
      Total |     283 |       6 |   2.1 |      72 |       4 |   5.3
            +---------+---------+-------+---------+---------+-------
        D:1 |      45 |       6 |  11.8 |      26 |       4 |  13.3
        D:2 |      38 |       0 |   0.0 |      22 |       0 |   0.0
        D:3 |     200 |       0 |   0.0 |      24 |       0 |   0.0
            +---------+---------+-------+---------+---------+-------
